 Dungeon Crawl Stone Soup version 0.21-a0-529-g8c7b3f5 (webtiles) character file.

282 tof the Slasher (level 6, -1/48 HPs)
             Began as a Demonspawn Monk on Dec 11, 2017.
             Was a Believer of Okawaru.
             Slain by Eustachio
             ... wielding a cursed -3 rapier
              (4 damage)
             ... on level 3 of the Dungeon.
             The game lasted 00:06:32 (3772 turns).

tof the Slasher (Demonspawn Monk)                   Turns: 3772, Time: 00:06:33

Health: -1/48      AC:  4    Str: 17      XL:     6   Next: 6%
Magic:  5/7        EV: 16    Int: 11      God:    Okawaru [**....]
Gold:   172        SH:  0    Dex: 13 (17) Spells: 5/5 levels left

rFire    + . .     SeeInvis +   a - +0 falchion
rCold    . . .     Gourm    .   (no shield)
rNeg     . . .     Faith    .   D - +1 leather armour {rF+}
rPois    +         Spirit   .   (helmet restricted)
rElec    .         Reflect  .   (no cloak)
rCorr    .         Harm     .   (no gloves)
MR       .....                  (no boots)
Stlth    +++.......             j - amulet of magic regeneration
HPRegen  0.16/turn              r - ring of poison resistance
MPRegen  0.35/turn              u - ring of see invisible

@: mighty, heroism
A: antennae 1, claws 1, hooves 1, rot immunity
a: Heroism, Renounce Religion


You were on level 3 of the Dungeon.
You worshipped Okawaru.
Okawaru was pleased with you.
You were not hungry.

You visited 1 branch of the dungeon, and saw 4 of its levels.

You collected 172 gold pieces.

Inventory:

Hand Weapons
 a - a +0 falchion (weapon)
 B - a +0 blowgun
Missiles
 d - 144 stones
 i - 2 steel javelins (quivered)
 C - 3 curare-tipped needles
Armour
 D - a +1 leather armour of fire resistance (worn)
Jewellery
 j - an amulet of magic regeneration (around neck)
 r - a ring of poison resistance (left claw)
 u - a ring of see invisible (right claw)
Wands
 b - a wand of flame (15)
Scrolls
 e - 3 scrolls of teleportation {unknown}
 f - 3 scrolls of amnesia {unknown}
 g - 2 scrolls of enchant armour {unknown}
 h - 2 scrolls of remove curse {unknown}
 m - 3 scrolls of identify {unknown}
 n - a scroll of magic mapping {unknown}
 q - 3 scrolls of enchant weapon {unknown}
 w - a scroll of noise {unknown}
 y - a scroll of fear {unknown}
Potions
 k - a potion of agility {unknown}
 o - 3 potions of lignification {unknown}
 p - a potion of berserk rage {unknown}
 s - a potion of might
 v - a potion of invisibility {unknown}
 z - a potion of mutation {unknown}
Comestibles
 c - a bread ration
 l - 3 fruits
 x - a meat ration
 A - a royal jelly


   Skills:
 + Level 3.7(8.7) Fighting
 * Level 4.2(9.2) Long Blades
 + Level 1.8(6.8) Throwing
 + Level 2.0(7.0) Armour
 + Level 3.3(8.3) Dodging
 - Level 1.7(6.7) Stealth
 + Level 1.4 Invocations


You had 5 spell levels left.
You didn't know any spells.

Dungeon Overview and Level Annotations

Branches:
Dungeon (4/15)
 Temple: D:4-7

Altars:
Dithmenos
Nemelex Xobeh
Okawaru
Vehumet

Annotations:
D:3 Eustachio


Innate Abilities, Weirdness & Mutations

You have a pair of small antennae on your head.
You have sharp fingernails.
You have large cloven feet.
You are immune to rotting.


Message History

The white imp disappears in a puff of smoke!
Eustachio gestures wildly while chanting.
You climb upwards.
The quokka disappears in a puff of smoke!
The shadow imp disappears in a puff of smoke!
The crimson imp disappears in a puff of smoke!
The quasit disappears in a puff of smoke!
There is a stone staircase leading down here.
You barely miss Eustachio.
Eustachio is heavily wounded.
Eustachio hits you but does no damage.
You hit Eustachio but do no damage.
Eustachio is heavily wounded.
Eustachio barely misses you.
You riposte.
You closely miss Eustachio.
Eustachio is heavily wounded.
You feel very mighty all of a sudden. Eustachio hits you but does no damage.
You gain the combat prowess of a mighty hero.
Eustachio hits you with an enchanted rapier.
You die...

#.=..........................#...
#..........#.....####........+.[.
#.........#.#....####........####
#........#._.#...............'...
#.........#.#....####........####
#..........#...).# #........#
#................####........#
#########.......@...'........#
########@####........# ###
#........# #........# #........#
########## #############
#............


You could see Eustachio.

Vanquished Creatures
  A bullfrog (D:3)
  A scorpion (D:4)
  A hound (D:3)
  7 adders
  2 worms (D:3)
  3 dart slugs
  3 leopard geckos
  An orc (D:3)
  A ball python (D:2)
  2 giant cockroaches
  9 goblins
  7 hobgoblins
  2 quokkas
  6 bats
  4 frilled lizards
  10 kobolds
  12 rats
72 creatures vanquished.

Notes
Turn   | Place    | Note
-------+----------+-------------------------------------------
     0 | D:1      | tof the Demonspawn Monk began the quest for the Orb.
     0 | D:1      | Reached XP level 1. HP: 18/18 MP: 1/1
    86 | D:1      | Gained mutation: You are immune to rotting. [demonic ancestry]
    86 | D:1      | Reached XP level 2. HP: 21/24 MP: 2/2
   280 | D:1      | Reached skill level 3 in Long Blades
   916 | D:2      | Gained mutation: You have sharp fingernails. [demonic ancestry]
   916 | D:2      | Reached XP level 3. HP: 29/29 MP: 3/3
   955 | D:2      | Reached skill level 1 in Throwing
   955 | D:2      | Reached skill level 1 in Armour
  1211 | D:2      | Found a sparkling altar of Nemelex Xobeh.
  1572 | D:2      | Reached XP level 4. HP: 26/35 MP: 4/4
  1785 | D:2      | Found a shadowy altar of Dithmenos.
  2045 | D:3      | Found an iron altar of Okawaru.
  2082 | D:3      | Became a worshipper of Warmaster Okawaru
  2082 | D:3      | Reached * piety under Okawaru
  2082 | D:3      | Reached ** piety under Okawaru
  2593 | D:3      | Noticed a bullfrog
  2600 | D:3      | Killed a bullfrog
  2600 | D:3      | Reached skill level 4 in Long Blades
  2600 | D:3      | Reached skill level 1 in Invocations
  2600 | D:3      | Gained mutation: You have large cloven feet. [demonic ancestry]
  2600 | D:3      | Reached XP level 5. HP: 32/41 MP: 3/5
  2690 | D:3      | Found a radiant altar of Vehumet.
  3075 | D:4      | Noticed Eustachio
  3092 | D:3      | Gained mutation: You have a pair of small antennae on your head. [demonic ancestry]
  3092 | D:3      | Reached XP level 6. HP: 34/48 MP: 5/7
  3765 | D:4      | HP: 2/48 [crimson imp[Eustachio] (2)]
  3772 | D:3      | Slain by Eustachio

Vault maps used:
D:1:      evilmike_arrival_plus, st_stairs_9, feat_on_display
D:2:      nicolae_dithmenos_through_a_glass_darkly, old_standard_altar
D:3:      nicolae_overflow_crystal_walls, okawaru_metal_pillars_3
D:4:      enter_ossuary_2, first_bread, serial_glass, glass_columns_a,
          glass_columns_c, glass_columns_a, sigmund_army, uniq_robin,
          uniq_eustachio, uniq_sigmund

Skill      XL: |  1  2  3  4  5 |
---------------+----------------+-----
Long Blades    | 3 4 |  4.2
Throwing       | 1 |  1.8
Armour         | 1 2 |  2.0
Dodging        | 3 |  3.3
Invocations    | 1 |  1.4
Fighting       | |  3.7
Stealth        | |  1.7

Action                   |  1- 3 |  4- 6 || total
-------------------------+-------+-------++-------
Melee: Falchion          |   108 |   143 ||   251
       Kick              |       |    38 ||    38
Throw: Javelin           |    22 |    16 ||    38
       Stone             |       |     1 ||     1
Invok: Heroism           |       |     5 ||     5
  Use: Potion            |       |     1 ||     1
 Stab: Sleeping          |     2 |     1 ||     3
  Eat: Chunk             |     2 |     6 ||     8
       Bread ration      |       |     1 ||     1
Armor: Robe              |     4 |       ||     4
       Leather armour    |    24 |    62 ||    86
Dodge: Dodged            |   101 |   188 ||   289
       Rpst.: Falchion   |    29 |    55 ||    84

Table legend:
 A = Spawn XP
 B = Non-spawn XP
 C = Spawn XP percentage of total XP
 D = Spawn monster count
 E = Non-spawn monster count
 F = Spawn count percentage of total count
 G = Total turns spent on level
                    A         B        C        D         E        F      G
               +---------+---------+-------+---------+---------+-------+---------
         Total |       0 |     404 |   0.0 |       0 |      72 |   0.0 |  3772
               +---------+---------+-------+---------+---------+-------+---------
           D:1 |       0 |      53 |   0.0 |       0 |      25 |   0.0 |  1011
           D:2 |       0 |      55 |   0.0 |       0 |      21 |   0.0 |   947
           D:3 |       0 |     227 |   0.0 |       0 |      24 |   0.0 |  1697
           D:4 |       0 |      69 |   0.0 |       0 |       2 |   0.0 |   117
               +---------+---------+-------+---------+---------+-------+---------
